 Dungeon Crawl Stone Soup version 0.16.2-12-gd0ad4c3 (webtiles) character file.

21 faibistes the Magician (level 2, -2/15 HPs)
             Began as a Deep Elf Wizard on Sept 17, 2018.
             Killed from afar by Robin (8 damage)
             ... with a wand of magic darts
             ... on level 1 of the Dungeon.
             The game lasted 00:02:00 (1245 turns).

faibistes the Magician (Deep Elf Wizard)            Turns: 1245, Time: 00:02:00

Health: -2/15      AC:  2    Str:  4    XL:     2   Next: 62%
Magic:  11/11      EV: 13    Int: 22    God:
Gold:   25         SH:  0    Dex: 13    Spells: 3 memorised, 6 levels left

rFire  . . .     SeeInvis .     h - +0 dagger
rCold  . . .     Clarity  .     a - +0 robe
rNeg   . . .     SustAb   .     (no shield)
rPois  .         Gourm    .     b - +0 hat
rElec  .         Spirit   .     (no cloak)
rCorr  .         Warding  .     (no gloves)
rMut   .         Stasis   .     (no boots)
MR     .....                    (no amulet)
Stlth  ++........               (no ring)
                                (no ring)

@: not resistant to hostile enchantments, unstealthy
A: no striking features
a: no special abilities


You were on level 1 of the Dungeon.
You were not hungry.

You visited 1 branch of the dungeon, and saw 2 of its levels.

You collected 25 gold pieces.

Inventory:

Hand weapons
 h - a +0 dagger (weapon)
Armour
 a - a +0 robe (worn)
 b - a +0 hat (worn)
Scrolls
 e - a scroll of blinking {unknown}
 g - a scroll of enchant armour {unknown}
 i - 2 scrolls of identify {unknown}
 j - a scroll of remove curse {unknown}
Books
 c - a book of Minor Magic

   Spells                             Type                      Level
   a - Magic Dart                     Conjuration                  1
   b - Blink                          Translocation                2
   c - Call Imp                       Summoning                    2
   d - Repel Missiles                 Charms/Air                   2
   e - Slow                           Hexes                        2
   f - Conjure Flame                  Conjuration/Fire             3
   g - Mephitic Cloud                 Conjuration/Poison/Air       3
Comestibles
 d - a bread ration
 f - 2 chunks of flesh
 k - a meat ration


   Skills:
 + Level 2.8 Dodging
 - Level 2.4 Stealth
 * Level 5.0 Spellcasting
 * Level 1.8 Conjurations
 - Level 1.1 Summonings
 - Level 1.1 Translocations


You had 6 spell levels left.
You knew the following spells:

 Your Spells              Type           Power        Failure   Level  Hunger
a - Magic Dart            Conj           ##..         6%          1    None
c - Call Imp              Summ           ##......     12%         2    None
d - Blink                 Tloc           N/A          12%         2    None


Dungeon Overview and Level Annotations

Branches:
Dungeon (2/15)

Altars:

Annotations:
D:1 Robin


Message History

You climb downwards.
Level annotation: Robin The hobgoblin closely misses you.
Robin throws the goblin at you! The goblin barely misses you.
The worm bites you.
The hobgoblin hits you but does no damage.
Robin roars a battlecry!
The goblins go into a battle-frenzy!
Robin completely misses you.
There is a stone staircase leading up, spattered with blood here.
The goblin hits you with a dagger. The hobgoblin hits you with a club.
You climb upwards.
There is a stone staircase leading down here.
Robin throws the goblin at you! The goblin closely misses you.
You barely miss the goblin. The hobgoblin barely misses you.
The goblin barely misses you. The worm closely misses you.
You hit the goblin.
The goblin is moderately wounded.
The hobgoblin closely misses you.
Robin zaps a wand.
The magic dart hits you!
Ouch! That really hurt!
You die...

. .....)......## .#
#####...##... .###?#
###..#.## .....#
#......##
#...#######.###...)
#................#
#.##....####......
#####g...#### #......
####....@w#########......
........gg...)...........
###....)..###############
#.......# #.......#
#..)....# #.......#
#.......# #.......#


You could see a worm, Robin, a hobgoblin (frenzied) and a goblin (frenzied).

Vanquished Creatures
  2 bats (D:1)
  7 goblins
  A hobgoblin (D:1)
  2 giant newts (D:1)
  5 kobolds (D:1)
  2 rats (D:1)
19 creatures vanquished.

Vanquished Creatures (collateral kills)
  3 goblins (D:1)
3 creatures vanquished.

Grand Total: 22 creatures vanquished

Notes
Turn   | Place    | Note
--------------------------------------------------------------
     0 | D:1      | faibistes, the Deep Elf Wizard, began the quest for the Orb.
     0 | D:1      | Reached XP level 1. HP: 10/10 MP: 6/6
   330 | D:1      | Reached XP level 2. HP: 15/15 MP: 5/10
   368 | D:1      | Learned a level 2 spell: Blink
   371 | D:1      | Learned a level 2 spell: Call Imp
   679 | D:2      | Noticed Robin
   984 | D:1      | Reached skill level 5 in Spellcasting
  1245 | D:1      | Killed from afar by Robin

Action                   || total
-------------------------++-------
Melee: Dagger            ||     2
 Cast: Magic Dart        ||    40
       Call Imp          ||     3
       Blink             ||     1
  Eat: Chunk             ||     1
